 Dungeon Crawl Stone Soup version 0.30-a0-912-ge10d75a369 (webtiles) character file.

Game seed: 47574800478185391

9 Aequonox the Digger (level 2, 0/15 HPs)
             Began as a Gargoyle Earth Elementalist on Mar 19, 2023.
             Was a Follower of Trog.
             Frozen to death by an endoplasm (1 damage)
             ... on level 1 of the Dungeon.
             The game lasted 00:01:02 (186 turns).

Aequonox the Digger (Gargoyle Earth Elementalist)    Turns: 186, Time: 00:01:02

Health: 0/15       AC:  4    Str: 11    XL:     2   Next: 12%
Magic:  5/5        EV: 12    Int: 15    God:    Trog [*.....]
Gold:   19         SH:  0    Dex: 10    Spells: 4/5 levels left

rFire   . . .      SeeInvis .    (no weapon)
rCold   . . .      Faith    .    (no shield)
rNeg    + . .      Spirit   .    a - +0 robe
rPois   ∞          Reflect  .    (no helmet)
rElec   +          Rampage  .    (no cloak)
rCorr   .                        (no gloves)
Will    .....                    (no boots)
Stlth   ++                       (no amulet)
HPRegen 0.22/turn                (no ring)
MPRegen 0.09/turn                (no ring)

@: no status effects
A: sickness immunity, AC +2, negative energy resistance 1, electricity
resistance, torment resistance 1, petrification resistance
a: Renounce Religion, Berserk


You were on level 1 of the Dungeon.
You worshipped Trog.
Trog was aware of your devotion.
You visited 1 branch of the dungeon, and saw 1 of its levels.

You collected 19 gold pieces.

Inventory:

Armour
 a - a +0 robe (worn)
Jewellery
 e - a ring of willpower
Scrolls
 c - a scroll of teleportation {unknown}
 d - a scroll of magic mapping {unknown}
 f - a scroll of identify {unknown}
 h - a scroll of poison {unknown}
 i - a scroll of immolation {unknown}
Potions
 b - a potion of magic
 g - a potion of haste {unknown}


   Skills:
 + Level 0.1 Fighting
 + Level 0.0 Armour
 - Level 1.7 Dodging
 + Level 2.4 Stealth
 - Level 2.1 Spellcasting
 - Level 1.0 Transmutations
 - Level 3.8 Earth Magic


You had 4 spell levels left.
You knew the following spells:

 Your Spells              Type           Power      Damage    Failure   Level
a - Sandblast             Erth           26%        2d8       4%          1

Your spell library contained the following spells:

 Spells                   Type           Power      Damage    Failure   Level
 Passwall                 Tmut/Erth      6%         N/A       12%         2
 Stone Arrow              Conj/Erth      14%        3d7       30%         3
 Petrify                  Tmut/Erth      8%         N/A       63%         4


Dungeon Overview and Level Annotations

Branches:
Dungeon (1/15)

Altars:
Trog


Innate Abilities, Weirdness & Mutations

You are immune to sickness and miasma.
Your stone body is resilient. (AC +2)
You are immune to poison.
You resist negative energy. (rN+)
You are resistant to electric shocks. (rElec)
You are resistant to unholy torment.
You are immune to petrification.


Message History

Trog welcomes you!
You can now go berserk at will.
No target in view!
An endoplasm comes into view.
An endoplasm is nearby!
You can't see any susceptible monsters within range! (Use Z to cast anyway.)
An endoplasm is nearby!
You can't go down here!
An endoplasm is nearby!
An endoplasm is nearby!
The endoplasm quivers.
The endoplasm freezes you.
You are frozen.
You completely miss the endoplasm. The endoplasm freezes you.
You are frozen.
The endoplasm barely misses you. The endoplasm closely misses you.
The endoplasm hits you but does no damage.
The endoplasm closely misses you. The endoplasm closely misses you.
The endoplasm closely misses you. The endoplasm barely misses you.
The endoplasm closely misses you. The endoplasm freezes you.
You are frozen.
The endoplasm misses you. The endoplasm barely misses you.
The endoplasm barely misses you. The endoplasm freezes you.
You are frozen.
The endoplasm freezes you.
You are frozen.
* * * LOW HITPOINT WARNING * * *
The endoplasm freezes you.
You are frozen.
* * * LOW HITPOINT WARNING * * *
The endoplasm freezes you.
You are frozen.
You die...

.## ..# #..######
#....... ##.....#####
#..........#
#...J...?..#
#....@.....#
#..........#
#..........# .....
#..........## B....
#.....(.....####.....
#..............#.....
#..........###.#.....
#######^^.####..###.#
#^_........##.#


You could see an endoplasm.

Vanquished Creatures
  A bat (D:1)
  2 goblins (D:1)
  A kobold (D:1)
  2 quokkas (D:1)
  A frilled lizard (D:1)
7 creatures vanquished.

Notes
Turn   | Place    | Note
-------+----------+-------------------------------------------
     0 | D:1      | Aequonox the Gargoyle Earth Elementalist began the quest
                  | for the Orb.
     0 | D:1      | Reached XP level 1. HP: 10/10 MP: 3/3
    71 | D:1      | Reached skill level 1 in Transmutations
    71 | D:1      | Reached XP level 2. HP: 15/15 MP: 3/5
   151 | D:1      | Found a faded altar of an unknown god.
   161 | D:1      | Prayed at the altar of an unknown god.
   161 | D:1      | Became a worshipper of Trog the Wrathful
   161 | D:1      | Reached * piety under Trog
   186 | D:1      | Frozen to death by an endoplasm

Illustrated notes

Levels and vault maps discovered:
D:1:      dpeg_arrival_tiny_a, layout_basic, serial_corexii_hall,
          corexii_hall_statues_deadend, chequers_hall_statues_y,
          ebering_ecumenical_altar_webs, minmay_small_reverse_x

Skill      XL: |  1 |
---------------+----+-----
Transmutations | 1 |  1.0
Fighting       | |  0.1
Dodging        | |  1.7
Stealth        | |  2.4
Spellcasting   | |  2.1
Earth Magic    | |  3.8

Action                     || total
---------------------------++-------
  Melee: Unarmed           ||     1
   Cast: Sandblast         ||     7
 Armour: Robe              ||     1
  Dodge: Dodged            ||    10

Table legend: (Time is in decaauts)
 A = Elapsed time spent in this place.
 B = Non-inter-level travel time spent in this place.
 C = Inter-level travel time spent in this place.
 D = Time resting spent in this place.
 E = Time spent auto-exploring this place.
 F = Levels seen in this place.
 G = Mean time per level.
                   A        B        C        D        E       F      G
               +--------+--------+--------+--------+--------+-----+--------+
         Total |    189 |    189 |      0 |      0 |    119 |   1 |  189.0 |
       Dungeon |    189 |    189 |      0 |      0 |    119 |   1 |  189.0 |
               +--------+--------+--------+--------+--------+-----+--------+

Top non-repeatable levels by time:
     D:1: 189 daAuts
